 Dungeon Crawl Stone Soup version 0.29-a0-477-g62b78b4225 (console) character file.

Game seed: 8448323197973783051

39 Faeu the Sneak (level 3, 0/24 HPs)
             Began as a Vampire Enchanter on May 25, 2022.
             Slain by a gnoll
             ... wielding a +0 flail
              (5 damage)
             ... on level 1 of the Dungeon.
             The game lasted 00:03:26 (1396 turns).

Faeu the Sneak (Vampire Enchanter)                  Turns: 1396, Time: 00:03:26

Health: 0/24       AC:  2    Str:  7    XL:     3   Next: 26%
Magic:  6/6        EV: 12    Int: 17    God:
Gold:   46         SH:  0    Dex: 16    Spells: 6/6 levels left

rFire   . . .      SeeInvis +   a - +1 dagger {short}
rCold   . . .      Faith    .   (no shield)
rNeg    . . .      Spirit   .   b - +0 robe
rPois   .          Reflect  .   (no helmet)
rElec   .          Harm     .   (no cloak)
rCorr   .          Rampage  .   (no gloves)
Will    .....                   (no boots)
Stlth   +++.......              l - amulet of magic regeneration {@e2}
HPRegen 0.28/turn               (no ring)
MPRegen 0.50/turn               (no ring)

@: healing quickly
A: alive, fangs 3, see invisible, vampiric 2
a: Exsanguinate


You were on level 1 of the Dungeon.
You visited 1 branch of the dungeon, and saw 2 of its levels.

You collected 46 gold pieces.


Innate Abilities, Weirdness & Mutations

Your natural rate of healing is accelerated.
You have razor-sharp teeth.
You have supernaturally acute eyesight. (SInv)
You are afflicted with vampirism and can become a bat while bloodless.


   Skills:
 + Level 2.6 Short Blades
 - Level 2.1 Dodging
 + Level 5.7 Stealth
 - Level 2.0 Spellcasting
 - Level 4.4 Hexes


You had 6 spell levels left.
You didn't know any spells.
Your spell library contained the following spells:

 Spells                   Type           Power      Damage    Failure   Level
 Confusing Touch          Hex            16%        N/A       10%         3
 Tukima's Dance           Hex            16%        N/A       10%         3
 Ensorcelled Hibernation  Hex/Ice        18%        N/A       12%         2
 Dazzling Flash           Conj/Hex       18%        N/A       24%         3
 Summon Ice Beast         Ice/Summ       1%         N/A       88%         4
 Summon Mana Viper        Hex/Summ       9%         N/A       91%         5
 Monstrous Menagerie      Summ           0%         N/A       100%        7

Inventory:

Hand Weapons
 a - a +1 dagger (weapon) {short}
 i - a +0 short sword of electrocution {short}
   (You took it off a kobold on level 1 of the Dungeon)
Missiles
 e - 49 stones (quivered) {throwing}
Armour
 b - a +0 robe (worn)
 d - a +0 robe
   (You found it on level 1 of the Dungeon)
 f - a +0 leather armour
   (You found it on level 1 of the Dungeon)
 n - a +0 pair of gloves
   (You found it on level 2 of the Dungeon)
 p - a +0 ring mail
   (You found it on level 2 of the Dungeon)
 q - a +0 robe
   (You found it on level 2 of the Dungeon)
Jewellery
 l - an amulet of magic regeneration (around neck) {@e2}
   (You found it on level 1 of the Dungeon)
Scrolls
 g - 3 scrolls of teleportation {unknown}
 k - 2 scrolls of poison {unknown}
 o - a scroll of immolation {unknown}
Potions
 c - 2 potions of invisibility
 h - 2 potions of heal wounds {unknown}
 j - 2 potions of curing {unknown}
 m - a potion of mutation {unknown}

Dungeon Overview and Level Annotations

Branches:
Dungeon (2/15)

Altars:

#################################
########## ### ##........####..
#..####)...##...
##....####......# ##########
#..#....####..###
#........###.###.....######.
#........#...........######.
###......ā€ .#.........####..###
#..........#g..)...####......#
#............@...####.........
#.....####....................
#.....##..........###.#.......
#.....##..............#..##.##
#.....##................###.Pā‰ˆ
#.....##.....####......## #..P
#............# #......# #...
####...####### #......# #...
#...#....######.....####...
#...#....##................
#...'....##................


You could see a gnoll.


Message History

A quokka comes into view.
The goblin shouts!
You hear an angry hiss.
A ball python comes into view.
An endoplasm comes into view. šŸ˜• HP[+1] šŸ˜Ž HP[+1]
You see here a hobgoblin corpse.
The ball python misses you. The ball python closely misses you.
You closely miss the ball python. The ball python closely misses you.
The ball python grabs you.
The ball python constricts you. šŸ˜• HP[-1]
You take 1 damage, and now have 23/24 hp.
You hit the ball python.
You kill the ball python! šŸ˜Ž HP[+1]
You hit the goblin.
You kill the goblin!
The endoplasm hits you but does no damage.
Things that are here:
a +0 club {mace}; a ball python corpse You hit the endoplasm.
The endoplasm barely misses you.
You hit the endoplasm. The endoplasm closely misses you.
You hit the endoplasm.
You kill the endoplasm!
You see here a hobgoblin corpse.
Things that are here:
a +0 club {mace}; a ball python corpse You see here a hobgoblin corpse.
The quokka bites you. The quokka misses you.
You see here a hobgoblin corpse. šŸ˜• HP[-5]
You take 5 damage, and now have 19/24 hp.
MASSIVE DAMAGE!! (PAUSE)
You hit the quokka. The quokka bites you. šŸ˜® HP[-3]
You take 3 damage, and now have 16/24 hp.
You hit the quokka but do no damage. The quokka closely misses you.
You closely miss the quokka. The quokka barely misses you.
You hit the quokka but do no damage. The quokka barely misses you.
You closely miss the quokka. Your bite misses the quokka.
The quokka bites you. šŸ˜® HP[-3]
You take 3 damage, and now have 13/24 hp.
You miss the quokka. The quokka bites you.
* * * LOW HITPOINT WARNING * * *
šŸ˜Ø HP[-2]
You take 2 damage, and now have 11/24 hp.
You hit the quokka.
You kill the quokka!
Things that are here:
a +0 club {mace}; a quokka corpse; a ball python corpse šŸ˜Ø HP[+1] šŸ˜® HP[+1]
There is an escape hatch in the floor here.
You start resting.
A giant cockroach is nearby! šŸ˜• HP[+8]
You regained 8 hp, and now have 21/24 hp. šŸ˜• HP[+1]
You closely miss the giant cockroach.
The giant cockroach bites you but does no damage.
You hit the giant cockroach.
You kill the giant cockroach! šŸ˜• HP[+1] šŸ˜Ž HP[+1]
q - a +0 robe
k - 2 scrolls labelled LOPHOAPIRO (gained 1)
The gnoll shouts!
You hear a shout! x2
A gnoll comes into view. It is wielding a +0 flail.
The gnoll closely misses you.
You hit the gnoll. You closely miss the gnoll. Your bite misses the gnoll.
The gnoll hits you with a +0 spear. šŸ˜• HP[-1]
You take 1 damage, and now have 23/24 hp.
You closely miss the gnoll.
The gnoll hits you with a +0 spear. šŸ˜• HP[-4]
You take 4 damage, and now have 19/24 hp.
You hit the gnoll but do no damage. You bite the gnoll.
The gnoll closely misses you. šŸ˜• HP[+1]
The gnoll hits you from afar with a +0 spear! šŸ˜® HP[-7]
You take 7 damage, and now have 13/24 hp.
MASSIVE DAMAGE!! (PAUSE) šŸ˜® HP[+1]
The gnoll attacks as you move away! The gnoll hits you with a +0 flail.
* * * LOW HITPOINT WARNING * * *
There is a stone staircase leading up here. šŸ˜Ø HP[-4]
You take 4 damage, and now have 10/24 hp.
The gnoll closely misses you. The gnoll hits you with a +0 flail.
* * * LOW HITPOINT WARNING * * *
The gnoll hits you from afar with a +0 spear.
* * * LOW HITPOINT WARNING * * *
You climb upwards.
There is a stone staircase leading down here. šŸ˜± HP[-5]
You take 5 damage, and now have 5/24 hp.
MASSIVE DAMAGE!! (PAUSE)
You barely miss the gnoll. Your bite misses the gnoll.
The gnoll barely misses you.
You hit the gnoll. The gnoll hits you with a +0 flail.
You die...

Skill      XL: |  1  2 |
---------------+-------+-----
Stealth        | 5 |  5.7
Short Blades   | 2 |  2.6
Dodging        | |  2.1
Spellcasting   | |  2.0
Hexes          | |  4.4

Action                   || total
-------------------------++-------
Melee: Dagger            ||   125
       Bite              ||    13
       Punch             ||     2
 Stab: Sleeping          ||     7
Armor: Robe              ||    18
Dodge: Dodged            ||    77

Levels and vault maps discovered:
D:1:      eino_arrival_druids_welcome, layout_basic,
          shapermc_ecumenical_altar_mp_highgroup, minmay_misc_feat_x,
          st_stairs_9
D:2:      layout_rooms

Notes
Turn   | Place    | Note
-------+----------+-------------------------------------------
     0 | D:1      | Faeu the Vampire Enchanter began the quest for the Orb.
     0 | D:1      | Reached XP level 1. HP: 13/13 MP: 3/3
     0 | D:1      | magus.rc [v1.9.6]
    75 | D:1      | You pick up a book of Beasts and begin reading...
    75 | D:1      | You add the spells Summon Ice Beast, Summon Mana Viper and
                  | Monstrous Menagerie to your library.
   200 | D:1      | Reached XP level 2. HP: 19/19 MP: 5/5
   212 | D:1      | Reached skill level 5 in Stealth
   273 | D:1      | HP: 4/19 [quokka (1)]
   274 | D:1      | HP: 1/19 [hobgoblin (3)]
   278 | D:1      | Reached skill level 2 in Short Blades
  1007 | D:1      | Found a faded altar of an unknown god.
  1250 | D:2      | Gained mutation: You are afflicted with vampirism and can
                  | become a bat while bloodless. [Vampire growth]
  1250 | D:2      | Reached XP level 3. HP: 21/24 MP: 6/6
  1393 | D:2      | HP: 4/24 [gnoll/+0 spear (5)]
  1396 | D:1      | Slain by a gnoll

Vanquished Creatures
  5 endoplasms
  A giant cockroach (D:2)
  4 goblins
  5 hobgoblins
  5 quokkas
  5 ball pythons
  2 bats (D:1)
  A frilled lizard (D:1)
  4 kobolds (D:1)
  A rat (D:1)
33 creatures vanquished.

Table legend:
 A = Non-vault XP
 B = Vault XP
 C = Vault XP percentage of total XP
 D = Non-vault monster count
 E = Vault monster count
 F = Vault count percentage of total count
                 A         B        C        D         E       F
            +---------+---------+-------+---------+---------+-------
      Total |      51 |       5 |   8.9 |      30 |       3 |   9.1
            +---------+---------+-------+---------+---------+-------
        D:1 |      30 |       5 |  14.3 |      19 |       3 |  13.6
        D:2 |      21 |       0 |   0.0 |      11 |       0 |   0.0
            +---------+---------+-------+---------+---------+-------

Illustrated notes

Table legend:
 A = Kills in this place as a percentage of kills in entire the game.
 B = Kills by you in this place as a percentage of kills by you in the entire game.
 C = Kills by friends in this place as a percentage of kills by friends in the entire game.
 D = Other kills in this place as a percentage of other kills in the entire game.
 E = Experience gained in this place as a percentage of experience gained in the entire game.
 F = Experience gained in this place divided by the number of levels of this place that you have seen.
                   A       B       C       D       E      F
               +-------+-------+-------+-------+-------+----------------------
         Total | 100.0 | 100.0 |   N/A |   N/A | 100.0 |  28.0
       Dungeon | 100.0 | 100.0 |   N/A |   N/A | 100.0 |  28.0
               +-------+-------+-------+-------+-------+----------------------

Table legend: (Time is in decaauts)
 A = Elapsed time spent in this place.
 B = Non-inter-level travel time spent in this place.
 C = Inter-level travel time spent in this place.
 D = Time resting spent in this place.
 E = Time spent auto-exploring this place.
 F = Levels seen in this place.
 G = Mean time per level.
                   A        B        C        D        E       F      G
               +--------+--------+--------+--------+--------+-----+--------+
         Total |   1384 |   1340 |     44 |     27 |    860 |   2 |  692.0 |
       Dungeon |   1384 |   1340 |     44 |     27 |    860 |   2 |  692.0 |
               +--------+--------+--------+--------+--------+-----+--------+

Top non-repeatable levels by time:
     D:1: 1129 daAuts
     D:2: 254 daAuts
